 Dungeon Crawl Stone Soup version 0.29.1-4-g47bece8355 (webtiles) character file.

Game seed: 7266032429030682455

44620 FexLirch the Grappler (level 15, -1/147 (148) HPs)
             Began as a Meteoran Transmuter on Dec 7, 2022.
             Was a High Priest of Vehumet.
             Slain by a wolf spider (6 damage)
             ... on level 1 of the Spider Nest on Dec 8, 2022.
             The game lasted 02:05:53 (8690 turns).

FexLirch the Grappler (Meteoran Transmuter)         Turns: 8690, Time: 02:05:58

HP:   -1/147 (148)  AC: 13    Str: 11    XL:     15   Next: 8%
MP:   24/24         EV: 15    Int: 21    God:    Vehumet [*****.]
Gold: 600           SH:  0    Dex: 15    Spells: 3/25 levels left

rFire   + + .      SeeInvis .     - Unarmed
rCold   + + +      Faith    .   (shield currently unavailable)
rNeg    + . .      Spirit   .   (body armour currently unavailable)
rPois   +          Reflect  .   (helmet currently unavailable)
rElec   .          Harm     .   (cloak currently unavailable)
rCorr   .          Rampage  .   (gloves currently unavailable)
Will    ++...                   (boots currently unavailable)
Stlth   +.........              E - amulet of magic regeneration
HPRegen 0.34/turn               y - +6 ring of intelligence
MPRegen 0.59/turn               S - ring of Oblamm {rF+++ rN+ Will+ Str-5 Int-4}

@: ice-form, wereblooded, glowing, lightly drained
A: freezing attack, amphibious, boosted hp, large, sense surroundings 2,
otherworldly, glowing, explore regen
a: End Transformation, Renounce Religion


You were on level 1 of the Spider Nest.
You worshipped Vehumet.
Vehumet was extremely pleased with you.
You were a creature of crystalline ice.
You visited 4 branches of the dungeon, and saw 20 of its levels.
You also visited: Ice Cave.

You collected 959 gold pieces.
You spent 359 gold pieces at shops.

Inventory:

Hand Weapons
 q - a +4 sling of freezing
 x - the +4 hand axe "Wagekan" {vorpal, rElec Will+ Stlth+}
   (You found it on level 6 of the Dungeon)

   It inflicts extra damage upon your enemies.
   rElec:     It insulates you from electricity.
   Will:      It increases your willpower.
   Stlth:     It makes you more stealthy.
Armour
 w - a +0 cloak (melded)
 F - a +2 buckler (melded)
 K - an orb of guile
 V - a +1 robe of willpower (melded)
Magical Staves
 d - a staff of poison
 i - a staff of fire
 D - a staff of air
 T - a staff of cold (melded)
Jewellery
 p - a ring of positive energy
 s - a ring of resist corrosion
 v - a ring of wizardry
 y - a +6 ring of intelligence (left front paw)
 E - an amulet of magic regeneration (around neck)
 N - a ring of wizardry
 S - the ring of Oblamm (right front paw) {rF+++ rN+ Will+ Str-5 Int-4}
   (You found it on level 5 of the Lair of Beasts)

   [ring of positive energy]

   Str:       It affects your strength (-5).
   Int:       It affects your intelligence (-4).
   rF:        It renders you almost immune to fire.
   rN:        It protects you from negative energy.
   Will:      It increases your willpower.
 W - a ring of poison resistance
 X - an amulet of faith
Wands
 r - a wand of iceblast (44)
 J - a wand of paralysis (9)
 L - a wand of digging (4)
Scrolls
 c - 5 scrolls of teleportation
 e - 2 scrolls of enchant armour {unknown}
 g - 2 scrolls of brand weapon
 h - 5 scrolls of magic mapping
 j - a scroll of noise {unknown}
 m - 3 scrolls of fear
 n - 4 scrolls of blinking
 o - 2 scrolls of poison
 t - 2 scrolls of immolation
 u - 2 scrolls of silence
 B - a scroll of summoning
 C - a scroll of torment
 G - 2 scrolls of enchant weapon
 H - a scroll of amnesia {unknown}
 I - 4 scrolls of butterflies
 Q - a scroll of vulnerability
 U - a scroll of identify
Potions
 a - a potion of cancellation {unknown}
 b - 2 potions of lignification
 f - 3 potions of magic
 k - 5 potions of curing
 l - 2 potions of might
 z - a potion of flight {unknown}
 A - 2 potions of haste
 P - a potion of attraction
 R - a potion of brilliance {unknown}
Miscellaneous
 M - a phantom mirror


   Skills:
 + Level 9.2 Fighting
 + Level 10.4 Dodging
 + Level 13.8 Unarmed Combat
 + Level 5.6 Spellcasting
 + Level 8.3 Conjurations
 + Level 12.2 Transmutations
 + Level 3.2 Fire Magic
 - Level 13.0 Ice Magic
 + Level 6.2 Earth Magic


You had 3 spell levels left.
You knew the following spells:

 Your Spells              Type           Power      Damage    Failure   Level
a - Beastly Appendage     Tmut           100%       N/A       1%          1
b - Wereblood             Tmut           55%        N/A       1%          2
c - Freeze                Ice            100%       1d11      1%          1
d - Ice Form              Ice/Tmut       56%        N/A       1%          4
e - Frozen Ramparts       Ice            100%       1d16      1%          3
f - Hailstorm             Conj/Ice       50%        3d11      1%          4
g - Stone Arrow           Conj/Erth      72%        3d11      1%          3
h - Sticky Flame          Conj/Fire      30%        2d5       2%          4

Your spell library contained the following spells:

 Spells                   Type           Power      Damage    Failure   Level
 Iskenderun's Mystic Bla  Conj/Tloc      23%        2d6       5%          4
 Static Discharge         Conj/Air       23%        3-6/arc   1%          2
 Ignite Poison            Fire/Tmut/Pois 27%        N/A       1%          3
 Mephitic Cloud           Conj/Pois/Air  17%        N/A       2%          3
 Spider Form              Tmut/Pois      31%        N/A       2%          3
 Summon Small Mammal      Summ           20%        N/A       10%         1
 Call Canine Familiar     Summ           5%         N/A       30%         3
 Gell's Gravitas          Tloc           5%         N/A       30%         3
 Summon Guardian Golem    Hex/Summ       5%         N/A       30%         3
 Teleport Other           Tloc           5%         N/A       30%         3
 Freezing Cloud           Conj/Ice/Air   17%        6-21      4%          5
 Dispel Undead            Necr           5%         3d7       69%         4
 Summon Forest            Summ/Tloc      2%         N/A       95%         5
 Summon Mana Viper        Hex/Summ       5%         N/A       95%         5
 Dispersal                Tloc           2%         N/A       100%        6
 Summon Cactus Giant      Summ           2%         N/A       100%        6


Dungeon Overview and Level Annotations

Branches:
Dungeon (13/15) Zot: 2288  Temple (1/1) D:6 Zot: 589    Lair (5/5) D:10 Zot: 670
 Shoals (0/4) Lair:3       Spider (1/4) Lair:2 Zot: 518   Slime (0/5) Lair:4
    Orc (0/2) D:11          IceCv (visited)
 Vaults: D:13-14

Altars:
Ashenzari
Dithmenos
Elyvilon
Fedhas
Gozag
Hepliaklqana
Kikubaaqudgha
Nemelex Xobeh
Okawaru
Qazlal
Ru
Sif Muna
Trog
Uskayaw
Vehumet
Xom
Yredelemnul
Zin
The Shining One

Shops:
D:1 (   D:2 *   D:3 (   D:7 *   D:10 *?

Annotations:
D:11 exclusion: 2 downstairs


Innate Abilities, Weirdness & Mutations

You are a creature of crystalline ice.
You have a powerful freezing melee attack.
You are amphibious.
Your maximum health is increased.
Your armour is entirely melded.
You are incapable of wielding weapons or throwing items.
You passively map the area around you.
You are easily found by Zot.
You glow in the dark.
You regain HP and MP as you explore.


Message History

The jumping spider is severely wounded.
The jumping spider pounces on you.
The jumping spider bites you but does no damage.
You hit the jumping spider. You freeze the jumping spider.
The jumping spider is almost dead.
The jumping spider misses you.
The jumping spider bites you but does no damage.
You punch the jumping spider! You freeze the jumping spider.
You feel a bit better.
You kill the jumping spider!
Vehumet accepts your kill.
You feel your power returning.
A freezing mist starts to gather...
A jumping spider simulacrum comes into view.
You pummel the jumping spider simulacrum!!
The jumping spider simulacrum is almost destroyed.
A redback comes into view.
The wolf spider hits you but does no damage.
The wolf spider bites you but does no damage.
You punch the jumping spider simulacrum!
The jumping spider simulacrum vaporises!
The wolf spider misses you. The wolf spider bites you.
You barely miss the wolf spider. The wolf spider closely misses you.
The wolf spider bites you.
You hit the wolf spider. You freeze the wolf spider.
The wolf spider is lightly wounded.
The wolf spider closely misses you. The wolf spider bites you!
* * * LOW HITPOINT WARNING * * *
You pummel the wolf spider!! You freeze the wolf spider.
The wolf spider is heavily wounded.
The wolf spider hits you!
* * * LOW HITPOINT WARNING * * *
The wolf spider bites you but does no damage.
You feel better. The wolf spider hits you.
* * * LOW HITPOINT WARNING * * *
The wolf spider bites you!
* * * LOW HITPOINT WARNING * * *
The wolf spider hits you!
* * * LOW HITPOINT WARNING * * *
The wolf spider bites you.
You die...

,, , ....... ,, ,
, ..... ## *
#.... * .#.# ,
##...### *$)## *
#.##......###...#
*,,
....../....#...##
?....##...#..##.#
... ####ss.....##
, , ,.
...#.##.Y......#
^ ** ,
.......○...#...#
* , *
*##......#..##..#
, , *
#..#....#.#..#* *
#.# ###.#..#.# *
#* #......#######
#......##..#.#
#.......†#..# *
###....†##..#


You could see a wolf spider and a redback.

Vanquished Creatures
  A reaper (IceCv)
  3 hydras
  A catoblepas (Lair:5)
  3 death yaks (Lair:3)
  A pharaoh ant (Spider:1)
  A steelbarb worm (Spider:1)
  An orb spider (Lair:2)
  2 cyclopes
  5 elephants (Lair:5)
  3 torpor snails
  2 ice statues (IceCv)
  A gargoyle (D:11)
  5 black mambas
  12 cane toads
  2 unseen horrors (D:11)
  2 rime drakes
  A demonic crawler (Spider:1)
  7 komodo dragons
  7 ice devils (IceCv)
  6 polar bears (Lair:5)
  A tarantella (Spider:1)
  2 hornets (Lair:5)
  Prince Ribbit (D:6)
  4 dream sheep
  15 blink frogs
  2 jumping spiders (Spider:1)
  11 spriggans (Lair:5)
  A culicivora (Spider:1)
  A wraith (D:11)
  5 wyverns
  2 shadows (D:11)
  40 yaks
  2 dire elephant simulacra (IceCv)
  3 steam dragons
  4 redbacks (Spider:1)
  2 basilisks
  An acid dragon (D:10)
  A hydra simulacrum (IceCv)
  A two-headed ogre zombie (D:11)
  16 water moccasins
  2 orc warriors
  2 ice beasts (D:8)
  A sky beast (D:8)
  4 boggarts (Lair:5)
  A black bear (Lair:5)
  22 wolves
  2 phantoms
  5 centaurs
  3 kobold brigands (D:10)
  9 bullfrogs
  2 gnoll sergeants
  4 scorpions
  4 wights (D:6)
  A troll zombie (D:11)
  An elephant simulacrum (IceCv)
  5 howler monkeys
  A jelly (D:8)
  A hound (D:4)
  5 orc priests
  2 gnoll boudas
  An iguana (D:5)
  3 orc wizards
  6 hell rats
  2 troll simulacra (D:13)
  A wolf simulacrum (D:13)
  2 spriggan simulacra (D:13)
  6 ogre zombies (D:11)
  18 gnolls
  4 naga simulacra
  6 adders
  2 white imps
  3 ufetubi
  2 worms (D:3)
  13 orcs
  5 ball pythons
  2 bats (D:1)
  4 endoplasms
  4 giant cockroaches
  5 goblins
  2 hobgoblins (D:1)
  A jackal (D:3)
  3 quokkas
  3 frilled lizards
  A goblin skeleton (D:11)
  6 goblin zombies (D:11)
  A hobgoblin zombie (D:11)
  A kobold (D:2)
  2 orc skeletons (D:11)
  14 orc zombies (D:11)
  2 rats (D:1)
383 creatures vanquished.

Vanquished Creatures (others)
  5 fungi
  20 plants
25 creatures vanquished.

Grand Total: 408 creatures vanquished

Notes
Turn   | Place    | Note
-------+----------+-------------------------------------------
     0 | D:1      | FexLirch the Meteoran Transmuter began the quest for the
                  | Orb.
     0 | D:1      | Reached XP level 1. HP: 16/16 MP: 5/5
   132 | D:1      | Reached XP level 2. HP: 13/23 MP: 4/6
   135 | D:1      | Learned a level 2 spell: Wereblood
   137 | D:1      | Learned a level 1 spell: Freeze
   278 | D:1      | Reached XP level 3. HP: 25/28 MP: 5/8
   408 | D:1      | Found Otarav's Weapon Boutique.
   495 | D:1      | Glimpsed the power of Zot.
   553 | D:2      | Found Lallunlofumm's Assorted Antiques.
   566 | D:2      | Bought a scroll labelled GAARIN WEOPP for 31 gold pieces
   566 | D:2      | Bought a puce potion for 27 gold pieces
   653 | D:2      | Found a faded altar of an unknown god.
   834 | D:5      | Entered Level 5 of the Dungeon
   844 | D:5      | Noticed a black bear
   859 | D:4      | Reached skill level 1 in Ice Magic
   859 | D:4      | Reached XP level 4. HP: 22/35 MP: 0/9
   928 | D:3      | Learned a level 4 spell: Ice Form
  1068 | D:3      | Reached XP level 5. HP: 40/40 MP: 6/10
  1124 | D:3      | Found a shimmering blue altar of Sif Muna.
  1127 | D:3      | Found Pugemuock's Weapon Emporium.
  1520 | D:4      | Reached XP level 6. HP: 21/47 MP: 7/11
  1572 | D:5      | Noticed an ice beast
  1738 | D:6      | Found a glowing golden altar of the Shining One.
  1738 | D:6      | Noticed an ogre
  1740 | D:6      | Noticed an ogre
  1763 | D:5      | Reached skill level 5 in Unarmed Combat
  1794 | D:6      | Reached skill level 5 in Transmutations
  1797 | D:6      | Reached XP level 7. HP: 47/52 MP: 12/12
  1993 | D:6      | Learned a level 3 spell: Frozen Ramparts
  2050 | D:6      | Reached XP level 8. HP: 39/59 MP: 5/13
  2073 | D:6      | Reached skill level 5 in Ice Magic
  2234 | D:6      | Identified the +4 hand axe "Wagekan" {vorpal, rElec Will+
                  | Stlth+}
  2255 | D:6      | Found a staircase to the Ecumenical Temple.
  2264 | Temple   | Entered the Ecumenical Temple
  2269 | Temple   | Became a worshipper of Vehumet
  2275 | D:6      | Noticed a steam dragon
  2288 | D:6      | Killed a steam dragon
  2323 | D:6      | Noticed Prince Ribbit
  2336 | D:6      | Killed Prince Ribbit
  2368 | D:6      | Gained mutation: You passively map the area around you.
                  | [Meteoran growth]
  2368 | D:6      | Reached XP level 9. HP: 64/64 MP: 10/14
  2646 | D:7      | Found Jyba's CLEARANCE SALE!.
  2654 | D:7      | Bought a potion of heal wounds for 20 gold pieces
  3101 | D:8      | Reached * piety under Vehumet
  3101 | D:8      | Offered knowledge of Foxfire by Vehumet.
  3145 | D:8      | Reached XP level 10. HP: 74/74 MP: 11/15
  3227 | D:10     | Entered Level 10 of the Dungeon
  3335 | D:9      | Found a broken altar of Ashenzari.
  3400 | D:9      | Reached skill level 10 in Unarmed Combat
  3444 | D:10     | Found a staircase to the Lair.
  3512 | D:10     | Found Yloe's Magic Scroll Boutique.
  3515 | D:10     | Bought a scroll of magic mapping for 82 gold pieces
  3515 | D:10     | Bought a scroll of identify for 22 gold pieces
  3515 | D:10     | Bought a scroll of identify for 22 gold pieces
  3515 | D:10     | Bought a scroll of teleportation for 33 gold pieces
  3515 | D:10     | Bought a scroll of identify for 22 gold pieces
  3612 | D:11     | Reached ** piety under Vehumet
  3612 | D:11     | Offered knowledge of Static Discharge by Vehumet.
  3639 | D:10     | Found Oqeetuts's General Store.
  3685 | D:10     | Bought a potion of haste for 100 gold pieces
  3767 | D:10     | Reached skill level 5 in Dodging
  3782 | D:10     | Noticed a three-headed hydra
  3789 | D:10     | Killed a three-headed hydra
  3790 | D:10     | Reached XP level 11. HP: 44/85 MP: 14/16
  4053 | D:9      | Found an ancient bone altar of Kikubaaqudgha.
  4247 | D:9      | Learned a level 4 spell: Hailstorm
  4374 | D:10     | Noticed a two-headed ogre
  4655 | D:11     | Found an opulent altar of Gozag.
  4728 | D:12     | Reached skill level 10 in Ice Magic
  4731 | D:12     | Noticed a skeletal warrior
  4731 | D:12     | Noticed a skeletal warrior
  4770 | D:11     | Reached skill level 5 in Fighting
  4770 | D:11     | Reached skill level 1 in Conjurations
  4910 | D:11     | Found a staircase to the Orcish Mines.
  4930 | D:11     | Offered knowledge of Conjure Flame by Vehumet.
  4953 | D:11     | Reached *** piety under Vehumet
  4979 | D:11     | Noticed a white ugly thing
  5186 | D:11     | Noticed a cyclops
  5195 | D:11     | Killed a cyclops
  5195 | D:11     | Offered knowledge of Dazzling Flash by Vehumet.
  5332 | D:13     | Noticed a cyclops
  5342 | D:13     | Killed a cyclops
  5368 | D:13     | Found a frozen archway.
  5380 | D:13     | Reached XP level 12. HP: 95/95 MP: 17/17
  5430 | IceCv    | Entered an ice cave
  5439 | IceCv    | Reached **** piety under Vehumet
  5520 | IceCv    | Offered knowledge of Stone Arrow by Vehumet.
  5644 | IceCv    | Noticed a reaper
  5664 | IceCv    | Killed a reaper
  5665 | IceCv    | Reached skill level 10 in Transmutations
  5971 | IceCv    | Glimpsed the power of Zot.
  6021 | IceCv    | Glimpsed the power of Zot.
  6169 | Lair:1   | Entered Level 1 of the Lair of Beasts
  6411 | Lair:1   | Reached skill level 5 in Conjurations
  6471 | Lair:1   | Reached XP level 13. HP: 105/105 MP: 9/18
  6504 | Lair:1   | Learned a level 3 spell: Stone Arrow
  6563 | Lair:2   | Noticed a seven-headed hydra
  6573 | Lair:2   | Reached ***** piety under Vehumet
  6575 | Lair:2   | Killed a seven-headed hydra
  6575 | Lair:2   | Offered knowledge of Flame Wave by Vehumet.
  6576 | Lair:2   | Reached skill level 1 in Earth Magic
  6715 | Lair:2   | Found a hole to the Spider Nest.
  7114 | Lair:5   | Entered Level 5 of the Lair of Beasts
  7226 | Lair:5   | Reached XP level 14. HP: 111/115 MP: 18/20
  7258 | Lair:5   | Identified the ring of Oblamm {rF+++ rN+ Will+ Str-5 Int-4}
  7366 | Lair:5   | Offered knowledge of Iskenderun's Mystic Blast by Vehumet.
  7401 | Lair:5   | Reached skill level 5 in Earth Magic
  7708 | Lair:4   | Found a staircase to the Slime Pits.
  7746 | Lair:4   | Learned a level 4 spell: Sticky Flame
  7897 | Lair:5   | Reached skill level 1 in Fire Magic
  7988 | Lair:5   | Reached skill level 10 in Dodging
  8140 | Lair:5   | Reached skill level 5 in Spellcasting
  8451 | Lair:3   | Found a staircase to the Shoals.
  8607 | Spider:1 | Entered Level 1 of the Spider Nest
  8639 | Spider:1 | Reached XP level 15. HP: 123/124 MP: 19/24
  8690 | Spider:1 | HP: 5/147 [wolf spider (14)]
  8690 | Spider:1 | Slain by a wolf spider

Illustrated notes

Levels and vault maps discovered:
D:1:      dpeg_arrival_chambers_temple_mockup, layout_loops_ring, serial_shops,
          nicolae_shop_stone
D:2:      layout_basic, basic_ecumenical_altar, serial_shops, shop_fountains
D:3:      kennysheep_six_static_rooms, layout_basic, general_overflow_altar,
          serial_shops, shop, kennysheep_cross_room, minivault_26
D:4:      layout_loops_cross, mrwooster_statue_mirror
D:5:      layout_layer_cave, minmay_overflow_temple_star_quad, st_stairs_5
D:6:      layout_basic, mainiacjoe_overflow_24_doors,
          minmay_temple_entry_glassed_door, uniq_prince_ribbit1
D:7:      layout_basic, nicolae_shop_clearance
D:8:      layout_gridville
D:9:      layout_basic, lemuel_crystal_altar, ashenzari_altar_1
D:10:     layout_loops_ring, lair_entry_dummy, serial_shops,
          kennysheep_mini_moat, nicolae_shop_hallway_stairs, hangedman_ranch
D:11:     layout_basic, zombieorc2_lemuel, nicolae_gozag_seed_capital
D:12:     layout_roguey, uniq_psyche
D:13:     layout_irregular_city, portal_ice_cave_entry_ice_simulacra,
          uniq_rupert
Temple:   minmay_freezing_vapour_temple
Lair:1:   layout_regular_city, st_stairs_3, grunt_megastairs_4
Lair:2:   layout_regular_city, nicolae_spider_entry_orb_guardian,
          minmay_lindwurm_lava
Lair:3:   layout_regular_city, minmay_shoals_entry_centaurs, pf_torpor_hydra
Lair:4:   layout_cave_shapes, slime_entry_1, nicolae_quartered_pool_little,
          ldierk_geyser, nicolae_lair_liquid_snakes
Lair:5:   minmay_lair_end_enchanted_forest, layout_big_grid,
          serial_bayou_shore_b
Spider:1: layout_spider_delve

Skill      XL: |  1  2  3  4  5  6  7  8  9 10 11 12 13 14 |
---------------+-------------------------------------------+-----
Unarmed Combat | 4 5 6 7 9 10 11 12 13 | 13.8
Transmutations | 3 4 5 6 7 8 9 10 11 12 | 12.2
Ice Magic      | 1 2 3 4 6 8 9 10 12 13 | 13.0
Dodging        | 3 5 6 8 9 10 | 10.4
Fighting       | 2 4 5 7 8 9 |  9.2
Conjurations   | 3 5 7 8 |  8.3
Spellcasting   | 3 5 |  5.6
Earth Magic    | 4 6 |  6.2
Fire Magic     | 3 |  3.2

Action                   |  1- 3 |  4- 6 |  7- 9 | 10-12 | 13-15 || total
-------------------------+-------+-------+-------+-------+-------++-------
Melee: Unarmed           |    13 |    14 |    90 |   348 |   354 ||   819
       Kick              |     3 |       |     2 |       |       ||     5
       Headbutt          |       |       |     1 |       |       ||     1
       Hand axe          |       |       |       |     5 |     2 ||     7
       Staff             |       |       |       |       |     1 ||     1
 Fire: Sling             |    27 |    20 |    20 |     2 |       ||    69
 Cast: Beastly Appendage |     5 |     1 |     1 |       |     1 ||     8
       Freeze            |    25 |    29 |    14 |       |     3 ||    71
       Wereblood         |     1 |     4 |    12 |    15 |    20 ||    52
       Ice Form          |       |     1 |     9 |    26 |    19 ||    55
       Frozen Ramparts   |       |       |    12 |    23 |    14 ||    49
       Hailstorm         |       |       |       |    10 |    26 ||    36
       Stone Arrow       |       |       |       |       |    51 ||    51
       Sticky Flame      |       |       |       |       |     4 ||     4
Evoke: Wand              |       |     1 |       |     3 |     1 ||     5
  Use: Potion            |       |       |     3 |     6 |     9 ||    18
       Scroll            |       |       |     3 |     8 |     9 ||    20
 Stab: Paralysed         |       |       |       |     4 |       ||     4
Armor: Robe              |     8 |     4 |     3 |     3 |       ||    18
       Skin              |       |     1 |    15 |   119 |   151 ||   286
Dodge: Dodged            |    27 |    18 |    59 |   109 |   245 ||   458
Block: Buckler           |       |       |       |     1 |     3 ||     4
